 Dungeon Crawl Stone Soup version 0.19-a0-261-g60b6c46 (webtiles) character file.

200 DeWulff the Chucker (level 5, -6/42 HPs)
             Began as a Draconian Hunter on May 26, 2016.
             Was a Follower of Dithmenos.
             Killed by divine providence
             ... invoked by an orc priest
              (12 damage)
             ... on level 4 of the Dungeon.
             The game lasted 00:27:04 (3150 turns).

DeWulff the Chucker (Draconian Hunter)              Turns: 3150, Time: 00:27:08

Health: -6/42      AC:  5    Str: 14    XL:     5   Next: 49%
Magic:  5/5        EV: 13    Int: 12    God:    Dithmenos [*.....]
Gold:   151        SH:  0    Dex: 12    Spells: 0 memorised, 4 levels left

rFire  . . .     SeeInvis .     b - +0 dagger (venom)
rCold  . . .     Gourm    .     (armour unavailable)
rNeg   . . .     Faith    .     (no shield)
rPois  .         Spirit   .     (helmet restricted)
rElec  .         Dismiss  .     (no cloak)
rCorr  .         Reflect  .     (no gloves)
SustAt .         Harm     .     (no boots)
MR     .....                    (no amulet)
Stlth  ++........               (no ring)
                                (no ring)

@: hasted, wreathed by umbra, very quick, not resistant to hostile enchantments,
unstealthy
A: unfitting armour, cold-blooded, AC +5
a: Renounce Religion


You were on level 4 of the Dungeon.
You worshipped Dithmenos.
Dithmenos was aware of your devotion.
You were not hungry.

You visited 1 branch of the dungeon, and saw 4 of its levels.

You collected 151 gold pieces.

Inventory:

Hand Weapons
 a - a +0 short sword
 b - a +0 dagger of venom (weapon)
 e - a +0 hand axe
 m - a +0 spear
 p - a +0 hunting sling
 q - a +0 trident
Missiles
 c - 2 throwing nets
 f - 13 arrows
 g - 17 bolts
 l - 59 sling bullets
 u - 2 javelins
 w - 3 tomahawks (quivered)
Wands
 y - a wand of paralysis (20/24)
Scrolls
 h - a scroll of magic mapping
 i - a scroll of noise {unknown}
 j - a scroll of teleportation
 k - 3 scrolls of remove curse
 n - 4 scrolls of amnesia
 t - a scroll of enchant armour {unknown}
 v - 2 scrolls of fog
Potions
 o - 2 potions of curing
 r - a potion of haste
 s - 2 potions of heal wounds {unknown}
 x - a potion of ambrosia {unknown}
Comestibles
 d - 9 bread rations


   Skills:
 + Level 2.5 Fighting
 + Level 0.6 Short Blades
 + Level 5.1 Throwing
 + Level 3.3 Dodging
 + Level 1.4 Stealth


You had 4 spell levels left.
You didn't know any spells.

Dungeon Overview and Level Annotations

Branches:
Dungeon (4/15)
 Temple: D:4-7

Altars:
Ashenzari
Dithmenos
Qazlal


Innate Abilities, Weirdness & Mutations

Your plain brown scales are hard (AC +5).
Your body does not fit into most forms of armour.
You are cold-blooded and may be slowed by cold attacks.


Message History

The orc misses you.
You closely miss the orc.
Your tail-slap misses the orc.
You hit the orc.
The orc is poisoned.
The orc is lightly wounded.
You closely miss the orc.
The orc is lightly wounded.
The orc misses you. x2
The orc priest miscasts a cantrip.
You hit the orc but do no damage.
The orc is poisoned.
The orc closely misses you. The orc completely misses you.
The orc hits you with a short sword.
Drink which item? (? for menu, Esc to quit)
You feel yourself speed up. The orc misses you. The orc barely misses you.
The orc priest calls down the wrath of Beogh upon you.
Beogh smites you!
* * * LOW HITPOINT WARNING * * *
The orc misses you.
The orc priest calls down the wrath of Beogh upon you.
Beogh smites you!
You die...

#................♣ #....
#..##...##...###( #....#
+##..###'###.....# ##...#
....+.....'.....# ##...#
...#....##....##
##...######..#.oo.##...##
##...##..##..##ooo##...+
##...##...#..###o###...#
.#....#.†......o@o#.....
..>≈≈.≈≈.#........#......
..≈≈≈≈≈≈≈.#.......#
.....#
≈≈≈≈#≈#≈≈≈≈.......#
≈#≈#≈..≈#≈≈≈......#
#≈≈≈...#≈≈≈≈......#
≈≈≈≈≈.†≈≈≈≈≈≈.....#
≈≈≈≈≈.≈≈≈≈≈≈#≈....#
≈#≈≈<..≈≈≈≈≈≈≈....#


You could see 2 orc priests and 6 orcs.

Vanquished Creatures
  Jessica (D:3)
  Natasha (D:3)
  4 adders
  An ooze (D:2)
  6 worms
  11 dart slugs
  5 giant geckos
  9 bats
  2 giant cockroaches
  5 goblins
  5 hobgoblins
  7 jackals
  4 kobolds
  2 ball pythons (D:2)
  3 giant newts
  7 rats
73 creatures vanquished.

Notes
Turn   | Place    | Note
--------------------------------------------------------------
     0 | D:1      | DeWulff the Draconian Hunter began the quest for the Orb.
     0 | D:1      | Reached XP level 1. HP: 17/17 MP: 1/1
   264 | D:1      | Reached XP level 2. HP: 23/24 MP: 2/2
   365 | D:1      | Reached skill level 1 in Stealth
   529 | D:1      | Reached skill level 4 in Throwing
   856 | D:2      | Reached XP level 3. HP: 9/29 MP: 3/3
  1142 | D:2      | Found a shadowy altar of Dithmenos.
  1435 | D:2      | Became a worshipper of Dithmenos the Shadowed
  1821 | D:2      | Reached XP level 4. HP: 35/37 MP: 4/4
  1880 | D:3      | Noticed Jessica
  1884 | D:3      | Killed Jessica
  1916 | D:3      | Found a stormy altar of Qazlal.
  2208 | D:3      | Noticed Natasha
  2210 | D:3      | Killed Natasha
  2210 | D:3      | Reached skill level 5 in Throwing
  2210 | D:3      | Reached XP level 5. HP: 8/42 MP: 5/5
  2707 | D:4      | Reached * piety under Dithmenos
  3085 | D:4      | Found a shattered altar of Ashenzari.
  3150 | D:4      | Killed from afar by an orc priest

Vault maps used:
D:1:      lightli_arrival_chessboard
D:2:      nicolae_dithmenos_through_a_glass_darkly
D:3:      nicolae_overflow_crystal_walls, first_bread, uniq_jessica,
          uniq_natasha
D:4:      kennysheep_slugbush, zin_statuary, ashenzari_conservatory_becter,
          grunt_ministairs_15, okawaru_ov_weapons_minmay

Skill      XL: |  1  2  3  4 |
---------------+-------------+-----
Stealth        | 1 |  1.4
Throwing       | 4 5 |  5.1
Dodging        | 2 3 |  3.3
Fighting       | |  2.5
Short Blades   | |  0.6

Action                   |  1- 3 |  4- 6 || total
-------------------------+-------+-------++-------
Melee: Short sword       |   108 |    55 ||   163
       Tailslap          |    14 |     9 ||    23
       Dagger            |       |    54 ||    54
Throw: Javelin           |    43 |    14 ||    57
       Throwing net      |     3 |     5 ||     8
       Tomahawk          |       |     6 ||     6
  Use: Scroll            |     6 |     6 ||    12
       Potion            |     2 |     2 ||     4
 Stab: Sleeping          |     1 |     1 ||     2
       Held in net/web   |     1 |     1 ||     2
  Eat: Chunk             |     2 |       ||     2
       Meat ration       |     1 |       ||     1
Armor: Skin              |    46 |    38 ||    84
Dodge: Dodged            |   118 |    77 ||   195
